 Dungeon Crawl Stone Soup version 0.30-a0-232-g7c5df11ecf (webtiles) character file.

Game seed: 11682530960020960412

1534 qw the Cleaver (level 8, -1/51 HPs)
             Began as a Gargoyle Fighter on Oct 9, 2022.
             Slain by a wyvern (14 damage)
             ... on level 7 of the Dungeon.
             The game lasted 00:02:24 (5837 turns).

qw the Cleaver (Gargoyle Fighter)                   Turns: 5837, Time: 00:02:25

Health: -1/51      AC: 18    Str: 22    XL:     8   Next: 86%
Magic:  8/8        EV:  7    Int:  9    God:
Gold:   322        SH:  4    Dex:  9    Spells: 7/7 levels left

rFire   . . .      SeeInvis .    Y - +0 war axe (vorpal)
rCold   + . .      Faith    .    c - +0 buckler
rNeg    + . .      Spirit   .    n - +0 chain mail
rPois   inf        Reflect  .    (no helmet)
rElec   +          Harm     .    (no cloak)
rCorr   .          Rampage  .    (no gloves)
Will    .....                    (no boots)
Stlth   ..........               (no amulet)
HPRegen 0.28/turn                e - ring of protection from cold
MPRegen 0.11/turn                s - +4 ring of protection

@: no status effects
A: sickness immunity, AC +5, negative energy resistance 1, electricity
resistance, torment resistance 1, petrification resistance
a: no special abilities


You were on level 7 of the Dungeon.
You visited 2 branches of the dungeon, and saw 8 of its levels.
You also visited: Ossuary.

You collected 322 gold pieces.


Innate Abilities, Weirdness & Mutations

You are immune to sickness and miasma.
Your stone body is resilient. (AC +5)
You are immune to poison.
You resist negative energy. (rN+)
You are resistant to electric shocks. (rElec)
You are resistant to unholy torment.
You are immune to petrification.


   Skills:
 - Level 6.2 Fighting
 + Level 8.3 Axes
 - Level 2.7 Throwing
 - Level 3.2 Armour
 - Level 1.0 Dodging
 - Level 3.2 Shields


You had 7 spell levels left.
You didn't know any spells.
Your spell library was empty.

Inventory:

Hand Weapons
 b - a +0 morningstar
 Y - a +0 vorpal war axe (weapon)
Missiles
 g - a boomerang (quivered)
 u - a silver javelin
Armour
 c - a +0 buckler (worn)
 n - a +0 chain mail (worn)
Jewellery
 e - a ring of protection from cold (left hand)
 j - a ring of fire
 l - a ring of ice
 s - a +4 ring of protection (right hand)
Scrolls
 a - a scroll of identify
 h - a scroll of enchant armour
 i - a scroll of enchant weapon {unknown}
 q - 2 scrolls of teleportation
Potions
 d - a potion of might
 f - 3 potions of heal wounds
 k - 4 potions of curing
 m - a potion of lignification
 o - a potion of resistance
 p - a potion of attraction
 r - a potion of invisibility {unknown}
 t - a potion of ambrosia {unknown}

Dungeon Overview and Level Annotations

Branches:
Dungeon (7/15)             Temple (1/1) D:6         Ossuary (visited)

Altars:
Ashenzari
Cheibriados
Elyvilon
Fedhas
Gozag
Hepliaklqana
Kikubaaqudgha
Makhleb
Nemelex Xobeh
Qazlal
Ru
Sif Muna
Trog
Uskayaw
Vehumet
Wu Jian
Xom
Yredelemnul
Zin
The Shining One


Message History

You kill the scorpion!
i - a scroll labelled XEDWICZISAU You start to feel less resistant.
Found an escape hatch in the ceiling.
u - a silver javelin Your resistance to elements expires.
A wyvern comes into view.
The wyvern hisses angrily.
You hear a shout!
You hear a croak.
A wight comes into view. It is wielding a +1 hand axe.
You hear a shout!
Something shouts, "Go and return not, thou gleeking toenail-biting pimple!"
You hear a shout!
You hear a croak.
5828 ||| Stepping ~*~*~tactically~*~*~ (stealth).
A bullfrog comes into view.
The bullfrog croaks.
5829 ||| Stepping ~*~*~tactically~*~*~ (stealth).
An orc comes into view. It is wielding a +0 hand axe.
The orc shouts!
A white imp comes into view.
5830 ||| Stepping ~*~*~tactically~*~*~ (hiding).
5831 ||| Stepping ~*~*~tactically~*~*~ (hiding).
You barely miss the wyvern. The wyvern bites you! x2
You hit the wyvern.
The wyvern is lightly wounded.
The wyvern bites you but does no damage.
You closely miss the wyvern.
The wyvern is lightly wounded.
The wyvern bites you! x2
An orc comes into view. It is wielding a +1 vampiric falchion.
You closely miss the wyvern.
The wyvern is lightly wounded.
The wyvern closely misses you.
You hit the wyvern.
The wyvern is heavily wounded.
The wyvern closely misses you. The wyvern bites you.
You slash the wyvern!
The wyvern is almost dead.
The wyvern bites you!
You die...

.o. .#. # 5.#### #.#z...
#.F.#.# . #o.# ... #o###
.# .....###l5.#.
.#####.# #..@#..#.
.......#
......#....#.#....#..###
...#+ ####.#..#.#.#....#
. #.#.<#.#.#.##.#
#.##.#.#.#....#
#......#.#.....
###............
#..####..#.<.
#..#..)....#.


You could see a wyvern, a white imp and 2 orcs.

Vanquished Creatures
  Edmund (D:5)
  An ice beast (D:6)
  A sky beast (D:6)
  A phantom (D:4)
  A necrophage (D:5)
  2 scorpions
  4 water moccasin zombies (Ossuary)
  4 wights (D:6)
  A jelly (D:5)
  3 hounds
  2 orc priests
  3 orc wizards
  2 mummies (Ossuary)
  7 gnolls (D:3)
  6 adders
  An ufetubus (D:6)
  5 adder zombies (Ossuary)
  2 worms
  2 dart slugs (D:5)
  22 orcs
  7 ball pythons
  3 endoplasms
  4 giant cockroaches
  3 gnoll zombies (Ossuary)
  7 goblins
  3 hobgoblins
  6 jackals
  5 quokkas
  2 bats (D:1)
  5 frilled lizards
  4 hobgoblin zombies (Ossuary)
  4 kobolds
  6 kobold zombies (Ossuary)
  7 orc zombies (Ossuary)
  10 rats
  A rat zombie (D:5)
148 creatures vanquished.

Vanquished Creatures (others)
  A fungus (D:3)
  10 plants (D:3)
11 creatures vanquished.

Grand Total: 159 creatures vanquished

Notes
Turn   | Place    | Note
-------+----------+-------------------------------------------
     0 | D:1      | qw the Gargoyle Fighter began the quest for the Orb.
     0 | D:1      | Reached XP level 1. HP: 14/14 MP: 1/1
     0 | D:1      | 0 ||| qw: Version: 0.2-a-17-g06abaee
     0 | D:1      | 0 ||| qw: Game counter: 2310
     0 | D:1      | 0 ||| qw: Always use a shield: true
     0 | D:1      | 0 ||| qw: God list: Okawaru
     0 | D:1      | 0 ||| qw: Allow faded altars: false
     0 | D:1      | 0 ||| qw: Do Orc after D:15 true
     0 | D:1      | 0 ||| qw: Do second Lair branch before Depths: true
     0 | D:1      | 0 ||| qw: Lair rune preference: random
     0 | D:1      | 0 ||| qw: Plans: Normal, Zot:1-4, God:TSO, Crypt, Tomb,
                  | Pan, Slime:5, Hells, Abyss, Orb
     0 | D:1      | 0 ||| PLANNING D:1-11
   127 | D:1      | Reached skill level 2 in Axes
   234 | D:1      | Reached XP level 2. HP: 13/19 MP: 2/2
   397 | D:1      | You fall into a shaft and drop 1 floor!
   533 | D:2      | 533 ||| Stepping ~*~*~tactically~*~*~ (stealth).
   689 | D:2      | 689 ||| Stepping ~*~*~tactically~*~*~ (hiding).
   888 | D:2      | Reached skill level 3 in Axes
  1056 | D:2      | 1056 ||| READING scroll labelled TON XECZYL.
  1057 | D:2      | 1057 ||| READING scroll labelled ESOLLU DIYPAZ.
  1058 | D:2      | 1058 ||| READING scroll labelled LUTOMA FAN KAL.
  1059 | D:2      | 1059 ||| READING scroll labelled CEGAIC VUEF.
  1084 | D:1      | Reached XP level 3. HP: 22/23 MP: 3/3
  2023 | D:2      | 2023 ||| DRINKING 3 fizzy brown potions.
  2066 | D:3      | 2066 ||| STAIRDANCE
  2115 | D:3      | HP: 5/23 [gnoll/+0 club (6)]
  2116 | D:3      | 2116 ||| DRINKING 2 potions of heal wounds.
  2122 | D:3      | Reached XP level 4. HP: 23/28 MP: 4/4
  2126 | D:3      | HP: 6/28 [orc priest/nerve-wracking pain (5)]
  2127 | D:3      | 2127 ||| DRINKING potion of heal wounds.
  2129 | D:3      | Reached skill level 4 in Axes
  2165 | D:3      | Reached XP level 5. HP: 21/32 MP: 5/5
  2208 | D:3      | 2208 ||| DROPPING +0 whip.
  2209 | D:3      | 2209 ||| DROPPING +0 club.
  2214 | D:3      | 2214 ||| DROPPING +0 whip of electrocution.
  2252 | D:3      | 2252 ||| Stepping ~*~*~tactically~*~*~ (stealth).
  2254 | D:3      | 2254 ||| Stepping ~*~*~tactically~*~*~ (stealth).
  2256 | D:3      | 2256 ||| Stepping ~*~*~tactically~*~*~ (stealth).
  2637 | D:3      | 2637 ||| Stepping ~*~*~tactically~*~*~ (stealth).
  2642 | D:3      | 2642 ||| Stepping ~*~*~tactically~*~*~ (hiding).
  2648 | D:3      | 2648 ||| Stepping ~*~*~tactically~*~*~ (hiding).
  2657 | D:3      | Reached skill level 5 in Axes
  2788 | D:3      | Found a faded altar of an unknown god.
  2863 | D:3      | 2863 ||| Stepping ~*~*~tactically~*~*~ (stealth).
  3136 | D:3      | 3136 ||| UPGRADING to +0 chain mail.
  3146 | D:3      | 3146 ||| DROPPING +0 scale mail.
  3147 | D:3      | 3147 ||| UPGRADING to ring of protection from cold.
  3148 | D:3      | 3148 ||| READING scroll labelled LORUOMOKOA.
  3149 | D:3      | 3149 ||| READING scroll labelled AFFUCU EHODIDGH.
  3153 | D:3      | 3153 ||| READING scroll labelled GEDDAE VITO.
  3154 | D:3      | 3154 ||| READING scroll labelled PAANUE KINU.
  3155 | D:3      | 3155 ||| DRINKING 2 amethyst potions.
  3268 | D:4      | 3268 ||| Stepping ~*~*~tactically~*~*~ (stealth).
  3271 | D:4      | 3271 ||| Stepping ~*~*~tactically~*~*~ (stealth).
  3272 | D:4      | 3272 ||| Stepping ~*~*~tactically~*~*~ (stealth).
  3276 | D:4      | 3276 ||| Stepping ~*~*~tactically~*~*~ (stealth).
  3287 | D:4      | HP: 5/33 [orc priest/divine providence (12)]
  3288 | D:4      | 3288 ||| DRINKING potion of heal wounds.
  3291 | D:4      | Reached XP level 6. HP: 30/38 MP: 6/6
  3291 | D:4      | 3291 ||| FLEEEEING.
  3292 | D:4      | 3292 ||| FLEEEEING.
  3293 | D:4      | 3293 ||| FLEEEEING.
  3294 | D:4      | 3294 ||| FLEEEEING.
  3299 | D:4      | 3299 ||| FLEEEEING.
  3346 | D:4      | 3346 ||| DROPPING +0 flail of holy wrath.
  3375 | D:4      | 3375 ||| Stepping ~*~*~tactically~*~*~ (stealth).
  3385 | D:4      | 3385 ||| Stepping ~*~*~tactically~*~*~ (stealth).
  3386 | D:4      | 3386 ||| Stepping ~*~*~tactically~*~*~ (stealth).
  3487 | D:4      | 3487 ||| Stepping ~*~*~tactically~*~*~ (stealth).
  3876 | D:4      | 3876 ||| DRINKING 2 inky potions.
  3877 | D:4      | 3877 ||| DROPPING potion of flight.
  3889 | D:5      | Entered Level 5 of the Dungeon
  3890 | D:5      | 3890 ||| PLANNING OSSUARY
  3897 | D:5      | 3897 ||| Stepping ~*~*~tactically~*~*~ (hiding).
  4083 | D:5      | 4083 ||| Stepping ~*~*~tactically~*~*~ (stealth).
  4085 | D:5      | 4085 ||| Stepping ~*~*~tactically~*~*~ (hiding).
  4086 | D:5      | 4086 ||| Stepping ~*~*~tactically~*~*~ (hiding).
  4095 | D:5      | Reached skill level 6 in Axes
  4116 | D:5      | Reached XP level 7. HP: 40/43 MP: 7/7
  4187 | D:5      | Found a sand-covered staircase.
  4188 | D:5      | 4188 ||| FLEEEEING.
  4191 | D:5      | 4191 ||| FLEEEEING.
  4192 | D:5      | 4192 ||| FLEEEEING.
  4193 | D:5      | 4193 ||| FLEEEEING.
  4195 | D:5      | 4195 ||| FLEEEEING.
  4196 | D:5      | 4196 ||| FLEEEEING.
  4197 | D:5      | 4197 ||| FLEEEEING.
  4198 | D:5      | 4198 ||| FLEEEEING.
  4202 | D:5      | 4202 ||| FLEEEEING.
  4203 | D:5      | 4203 ||| FLEEEEING.
  4204 | D:5      | 4204 ||| FLEEEEING.
  4205 | D:5      | 4205 ||| FLEEEEING.
  4206 | D:5      | 4206 ||| FLEEEEING.
  4217 | D:5      | 4217 ||| FLEEEEING.
  4218 | D:5      | 4218 ||| FLEEEEING.
  4222 | D:5      | 4222 ||| STAIRDANCE
  4227 | D:5      | 4227 ||| FLEEEEING.
  4228 | D:5      | 4228 ||| STAIRDANCE
  4270 | Ossuary  | Entered an ossuary
  4287 | Ossuary  | Reached skill level 1 in Dodging
  4461 | Ossuary  | Reached skill level 7 in Axes
  4541 | Ossuary  | 4541 ||| READING scroll of brand weapon.
  4541 | Ossuary  | 4541 ||| BRANDING +0 war axe of draining.
  4551 | Ossuary  | 4551 ||| READING 2 scrolls labelled XYLANU ROUNANA.
  4552 | Ossuary  | 4552 ||| READING scroll labelled KUICHEFUOWN.
  4584 | Ossuary  | 4584 ||| DRINKING 2 fuming amethyst potions.
  4585 | Ossuary  | 4585 ||| READING 2 scrolls of identify.
  4585 | Ossuary  | 4585 ||| IDENTIFYING brown potion
  4586 | Ossuary  | 4586 ||| DROPPING potion of degeneration.
  4592 | D:5      | 4592 ||| PLANNING D:1-11
  4617 | D:5      | Found a broken altar of Ashenzari.
  4664 | D:5      | 4664 ||| Stepping ~*~*~tactically~*~*~ (stealth).
  4822 | D:5      | Noticed Edmund
  4828 | D:5      | Killed Edmund
  4829 | D:5      | Reached XP level 8. HP: 48/51 MP: 8/8
  5062 | D:5      | 5062 ||| READING scroll labelled WIATTEFRYMP.
  5063 | D:5      | 5063 ||| READING scroll labelled CUINIP IDDUA.
  5087 | D:6      | 5087 ||| STAIRDANCE
  5094 | D:5      | Reached skill level 1 in Throwing
  5181 | D:6      | Found a staircase to the Ecumenical Temple.
  5182 | D:6      | 5182 ||| PLANNING TEMPLE
  5182 | D:6      | 5182 ||| READING 3 scrolls of identify.
  5182 | D:6      | 5182 ||| IDENTIFYING fizzy white potion
  5183 | D:6      | 5183 ||| READING 2 scrolls of identify.
  5183 | D:6      | 5183 ||| IDENTIFYING viscous sapphire potion
  5184 | D:6      | 5184 ||| DROPPING potion of magic.
  5190 | Temple   | Entered the Ecumenical Temple
  5191 | Temple   | 5191 ||| PLANNING D:1-11
  5327 | D:6      | 5327 ||| FLEEEEING.
  5343 | D:6      | Reached skill level 8 in Axes
  5455 | D:6      | Found a radiant altar of Vehumet.
  5512 | D:6      | Reached skill level 6 in Fighting
  5778 | D:6      | 5778 ||| UPGRADING to +4 ring of protection.
  5779 | D:6      | 5779 ||| DRINKING 2 murky silvery potions.
  5827 | D:7      | Noticed a wyvern
  5828 | D:7      | 5828 ||| Stepping ~*~*~tactically~*~*~ (stealth).
  5829 | D:7      | 5829 ||| Stepping ~*~*~tactically~*~*~ (stealth).
  5830 | D:7      | 5830 ||| Stepping ~*~*~tactically~*~*~ (hiding).
  5831 | D:7      | 5831 ||| Stepping ~*~*~tactically~*~*~ (hiding).
  5837 | D:7      | Slain by a wyvern

Levels and vault maps discovered:
D:1:      dpeg_arrival_water_fire, layout_basic
D:2:      layout_basic
D:3:      layout_basic, dreamdust_ecumenical_altar_grove, nicolae_grassy_gnolls
D:4:      layout_loops_ring, hangedman_abyss_or_decor_stabs
D:5:      layout_basic, ashenzari_altar_1, enter_ossuary_3,
          kennysheep_generic_room_15, uniq_edmund
D:6:      layout_basic, vehumet_crystals, minmay_temple_entry_enclosed_plants
D:7:      layout_basic, minmay_fractal_squares_diagonal_5
Temple:   nicolae_temple_no_exploring_needed

Skill      XL: |  1  2  3  4  5  6  7  8 |
---------------+-------------------------+-----
Axes           | 2 3 4 5 6 7 8 |  8.3
Fighting       | 4 5 6 |  6.2
Dodging        | 1 |  1.0
Throwing       | 2 |  2.7
Armour         | |  3.2
Shields        | |  3.2

Action                   |  1- 3 |  4- 6 |  7- 9 || total
-------------------------+-------+-------+-------++-------
Melee: War axe           |   116 |   172 |   235 ||   523
Throw: Boomerang         |       |       |    10 ||    10
       Javelin           |       |       |     6 ||     6
  Use: Scroll            |     4 |     4 |     8 ||    16
       Potion            |     2 |     4 |     2 ||     8
Armor: Scale mail        |    69 |    49 |       ||   118
       Chain mail        |       |    36 |   107 ||   143
Dodge: Dodged            |    39 |    60 |    59 ||   158
Block: Buckler           |    24 |    28 |    37 ||    89

Table legend:
 A = Non-vault XP
 B = Vault XP
 C = Vault XP percentage of total XP
 D = Non-vault monster count
 E = Vault monster count
 F = Vault count percentage of total count
                 A         B        C        D         E       F
            +---------+---------+-------+---------+---------+-------
      Total |    1570 |     622 |  28.4 |     109 |      39 |  26.4
            +---------+---------+-------+---------+---------+-------
        D:1 |      45 |       0 |   0.0 |      28 |       0 |   0.0
        D:2 |      17 |       0 |   0.0 |       9 |       0 |   0.0
        D:3 |     148 |      58 |  28.2 |      30 |       4 |  11.8
        D:4 |     239 |       0 |   0.0 |      14 |       0 |   0.0
        D:5 |     325 |     170 |  34.3 |      17 |       4 |  19.0
        D:6 |     713 |       0 |   0.0 |      10 |       0 |   0.0
        D:7 |      83 |       0 |   0.0 |       1 |       0 |   0.0
    Ossuary |       0 |     394 | 100.0 |       0 |      31 | 100.0
            +---------+---------+-------+---------+---------+-------
